 Dungeon Crawl Stone Soup version 0.24-a0-715-g0b739ee41d (webtiles) character file.

Game seed: 8796796091153749740, levelgen mode: deterministic

31584 crabtaco the Peltast (level 13, -10/118 HPs)
             Began as a Minotaur Fighter on Sept 30, 2019.
             Was an Elder of Makhleb.
             Killed by divine providence
             ... invoked by an orc priest
              (15 damage)
             ... on level 13 of the Dungeon.
             The game lasted 01:52:18 (13347 turns).

crabtaco the Peltast (Minotaur Fighter)            Turns: 13347, Time: 01:52:19

Health: -10/118    AC: 15    Str: 25    XL:     13   Next: 26%
Magic:  16/16      EV: 14    Int:  1    God:    Makhleb [****..]
Gold:   518        SH: 16    Dex:  9    Spells: 12/12 levels left

rFire    x . .     SeeInvis .   p - +5 scimitar (flame)
rCold    + + .     Gourm    .   c - +2 shield
rNeg     . . .     Faith    .   G - +0 ice dragon scales
rPois    .         Spirit   .   (helmet restricted)
rElec    .         Reflect  .   z - +0 cloak
rCorr    .         Harm     .   (no gloves)
MR       .....                  (no boots)
Stlth    ..........             (no amulet)
HPRegen  0.29/turn              b - -4 ring of intelligence (curse)
MPRegen  0.15/turn              h - -2 ring of dexterity (curse)

@: no status effects
A: retaliatory headbutt, horns 2
a: Minor Destruction, Lesser Servant of Makhleb, Major Destruction, Renounce
Religion


You were on level 13 of the Dungeon.
You worshipped Makhleb.
Makhleb was greatly pleased with you.
You were not hungry.

You visited 2 branches of the dungeon, and saw 14 of its levels.
You also visited: Ice Cave.

You collected 824 gold pieces.
You spent 306 gold pieces at shops.

Inventory:

Hand Weapons
 a - the +1 scimitar of Wiumiul {slice, rElec rC+}
   (You bought it in a shop on level 7 of the Dungeon)

   It inflicts extra damage upon your enemies.
   It protects you from cold.
   It insulates you from electricity.
 p - a +5 scimitar of flaming (weapon)
 C - the +7 hunting sling of Chaos {flame, rN+ MR+, unknown}
   (You found it on level 8 of the Dungeon)

   It causes projectiles fired from it to burn those they strike, causing extra
   injury to most foes and up to half again as much damage against particularly
   susceptible opponents.
   It protects you from negative energy.
   It affects your resistance to hostile enchantments.
 M - a +2 arbalest of freezing
 P - a +0 glaive of freezing
Missiles
 n - 98 sling bullets
 s - 6 silver boomerangs (quivered)
Armour
 c - a +2 shield (worn)
 i - a scarf of cloud immunity
 z - a +0 cloak (worn)
 G - +0 ice dragon scales (worn)
 H - a +0 plate armour
Magical Staves
 Q - an uncursed staff of energy {unknown}
Jewellery
 b - a cursed -4 ring of intelligence (left hand)
 h - a cursed -2 ring of dexterity (right hand)
 u - an uncursed ring of resist corrosion {unknown}
 E - an uncursed ring of ice {unknown}
 L - an uncursed ring of protection from fire
 N - an uncursed ring of ice {unknown}
Wands
 e - a wand of acid (6)
 j - a wand of scattershot (15)
 D - a wand of iceblast (17)
 I - a wand of paralysis (12)
 J - a wand of enslavement (11)
 K - a wand of digging (4)
Scrolls
 k - 3 scrolls of fear
 o - a scroll of magic mapping
 v - 4 scrolls of fog
 y - a scroll of blinking
 R - a scroll of identify
Potions
 d - 4 potions of might
 g - 3 potions of mutation
 l - 3 potions of curing
 m - 2 potions of brilliance
 q - 2 potions of lignification
 r - a potion of flight
 t - a potion of degeneration {unknown}
 w - a potion of haste
 x - a potion of cancellation
 B - 3 potions of agility
 F - 2 potions of heal wounds
Miscellaneous
 O - a box of beasts
Comestibles
 f - 20 rations


   Skills:
 - Level 12.2 Fighting
 - Level 8.9 Long Blades
   Level 2.0 Axes
 - Level 11.0 Armour
 - Level 9.0 Dodging
 + Level 16.8 Shields
 - Level 5.4 Invocations


You had 12 spell levels left.
You didn't know any spells.
Your spell library contained the following spells:

 Spells                   Type           Power        Failure   Level  Hunger
 Shock                    Conj/Air       #...         85%         1    ##.....
 Swiftness                Chrm/Air       #.......     94%         2    ###....
 Static Discharge         Conj/Air       #.......     99%         3    ####...
 Airstrike                Air            #.........   100%        4    #####..
 Ice Form                 Ice/Tmut       #.......     100%        4    #####..
 Lightning Bolt           Conj/Air       #.........   100%        5    ######.
 Metabolic Englaciation   Hex/Ice        #.........   100%        5    ######.
 Bolt of Cold             Conj/Ice       #.........   100%        6    #######
 Freezing Cloud           Conj/Ice/Air   #.........   100%        6    #######
 Ozocubu's Refrigeration  Ice            #.........   100%        6    #######
 Simulacrum               Ice/Necr       #.........   100%        6    #######


Dungeon Overview and Level Annotations

Branches:
Dungeon (13/15)            Temple (1/1) D:7            Lair (0/6) D:9
    Orc (0/2) D:9           IceCv (visited)
 Vaults: D:13-14

Altars:
Ashenzari
Cheibriados
Dithmenos
Fedhas
Gozag
Hepliaklqana
Kikubaaqudgha
Makhleb
Nemelex Xobeh
Okawaru
Qazlal
Ru
Sif Muna
Trog
Uskayaw
Vehumet
Wu Jian
Xom
Yredelemnul
Zin

Shops:
D:7 *:(*[   D:12 (

Annotations:
D:4 Blork the orc, Edmund, Menkaure


Innate Abilities, Weirdness & Mutations

You reflexively headbutt those who attack you in melee.
You have a pair of horns on your head.


Message History

a cursed -1 giant spiked club; a +0 giant spiked club; a cursed +0 mace a +0 shortbow; 10 arrows An orc priest comes into view.
The orc priest drinks a potion.
The orc priest seems to speed up.
You block the orc warrior's attack.
A jelly comes into view.
The orc priest calls down the wrath of Beogh upon you.
Beogh smites you!
* * * LOW HITPOINT WARNING * * *
The orc priest calls down the wrath of Beogh upon you.
Beogh smites you!
* * * LOW HITPOINT WARNING * * *
You block the jelly's attack. You block the jelly's attack.
The orc priest invokes the aid of Beogh against you.
Beogh smites you!
* * * LOW HITPOINT WARNING * * *
The orc priest calls down the wrath of Beogh upon you.
Beogh smites you!
You die...

#.รท..........
#............
#.....#####.........
#.....#...# ...o..
######.....#...#####..>..
#..........#.......#.....
#......(...'.......#....#
#......<...#.......#....#
#.......@..#.......#....#
#..........#.....###...[)
#.........J#######......#
#...........o..........).
#######......o...........
#......o#####......
#.......#...###....
##..)...'.....'....
#......#.....####.


You could see an orc warrior, a jelly and 2 orc priests.

Vanquished Creatures
  A frost giant (IceCv)
  2 hydras (D:13)
  Erica (D:8)
  A two-headed ogre (D:13)
  A death yak (IceCv)
  An unseen horror (D:12)
  3 cyclopes (D:13)
  An ugly thing (D:13)
  2 manticores (D:13)
  A deep elf mage (D:13)
  2 slime creatures (D:12)
  A gargoyle (D:13)
  An efreet (D:13)
  A yaktaur (D:13)
  A kobold demonologist (D:11)
  A rime drake (IceCv)
  4 trolls
  16 polar bears
  2 hippogriffs (D:13)
  A wraith (D:13)
  27 yaks
  Grum (D:8)
  3 wyverns
  4 hungry ghosts
  2 humans (D:9)
  3 acid dragons (D:13)
  A water moccasin (D:12)
  4 sky beasts
  5 ice beasts
  3 black bears
  6 orc warriors
  3 phantoms
  A necrophage (D:9)
  7 ogres
  20 wolves
  3 centaurs
  3 big kobolds
  12 bullfrogs
  A water moccasin skeleton (D:5)
  4 scorpions
  5 killer bees
  4 wights (D:7)
  7 howler monkeys
  3 centaur zombies
  4 crimson imps
  A bullfrog zombie (D:8)
  A quasit (D:13)
  4 hounds
  14 orc priests
  A bullfrog skeleton (D:11)
  3 jellies
  4 centaur skeletons
  2 iguanas
  20 orc wizards
  13 worker ants
  A hound skeleton (D:8)
  Robin (D:2)
  A howler monkey zombie (D:9)
  2 worker ant zombies
  4 gnolls (D:4)
  8 adders
  3 shadow imps
  An ooze (D:1)
  2 adder zombies
  2 worms
  2 dart slugs (D:2)
  6 leopard geckos
  52 orcs
  4 ball pythons
  3 bats
  3 giant cockroaches
  18 goblins
  9 hobgoblins
  13 jackals
  22 kobolds
  6 quokkas
  5 frilled lizards
  A quokka zombie (D:9)
  3 rats
415 creatures vanquished.

Vanquished Creatures (collateral kills)
  An ice dragon (D:13)
  A two-headed ogre (D:11)
  2 ugly things (D:11)
  A deep elf mage (D:12)
  An ice statue (IceCv)
  A polar bear (IceCv)
  A hippogriff (D:12)
  A slime creature (D:12)
  2 yaks (D:11)
  4 wolves
  A crocodile (D:12)
  4 wights (D:12)
  A crimson imp (D:12)
  A hound (D:12)
  2 orcs (D:12)
24 creatures vanquished.

Vanquished Creatures (others)
  A polar bear (D:13)
1 creature vanquished.

Grand Total: 440 creatures vanquished

Notes
Turn   | Place    | Note
-------+----------+-------------------------------------------
     0 | D:1      | crabtaco the Minotaur Fighter began the quest for the Orb.
     0 | D:1      | Reached XP level 1. HP: 19/19 MP: 0/0
   188 | D:1      | Reached XP level 2. HP: 27/28 MP: 1/1
   297 | D:1      | Reached skill level 5 in Fighting
   436 | D:1      | Reached XP level 3. HP: 36/36 MP: 2/2
   877 | D:2      | You fall into a shaft and drop 2 floors!
   878 | D:4      | Noticed Blork the orc
   888 | D:4      | Noticed Menkaure
   905 | D:4      | Noticed a bullfrog
   920 | D:3      | Killed a bullfrog
   920 | D:3      | Reached XP level 4. HP: 40/42 MP: 3/3
   965 | D:3      | Reached XP level 5. HP: 39/48 MP: 4/4
  1134 | D:3      | Reached skill level 5 in Dodging
  1206 | D:3      | Reached XP level 6. HP: 41/56 MP: 5/5
  1336 | D:3      | Found an opulent altar of Gozag.
  1861 | D:2      | Noticed Robin
  1882 | D:2      | Killed Robin
  2059 | D:2      | Found a faded altar of an unknown god.
  2614 | D:4      | Noticed Edmund
  2909 | D:5      | Entered Level 5 of the Dungeon
  2922 | D:5      | Reached skill level 5 in Long Blades
  2977 | D:5      | Noticed an ice beast
  3168 | D:5      | Killed an ice beast
  3168 | D:5      | Reached XP level 7. HP: 61/61 MP: 6/6
  3446 | D:5      | Reached skill level 1 in Axes
  3734 | D:5      | Reached skill level 9 in Shields
  3734 | D:5      | Reached XP level 8. HP: 79/79 MP: 7/7
  3812 | D:6      | You fall into a shaft and drop 1 floor!
  3812 | D:7      | Found Vielul's Antique Armour Shoppe.
  3812 | D:7      | Found Dair's General Store.
  3887 | D:7      | Reached XP level 9. HP: 32/85 MP: 8/8
  4167 | D:7      | Found Anwarub's Book Boutique.
  4178 | D:7      | Reached skill level 10 in Armour
  4221 | D:7      | Found a staircase to the Ecumenical Temple.
  4242 | Temple   | Entered the Ecumenical Temple
  4339 | Temple   | Became a worshipper of Makhleb the Destroyer
  4416 | D:7      | Found Apim's General Store.
  4832 | D:7      | Found Mitzaip's Antique Weapon Shop.
  5350 | D:7      | Reached * piety under Makhleb
  5483 | D:8      | Reached skill level 10 in Fighting
  5506 | D:8      | Got a transparent hunting sling
  6057 | D:8      | Noticed Grum
  6120 | D:8      | Killed Grum
  6311 | D:8      | Noticed Erica
  6318 | D:8      | Killed Erica
  6318 | D:8      | Reached XP level 10. HP: 92/93 MP: 9/9
  6323 | D:8      | Reached ** piety under Makhleb
  6613 | D:8      | Found a radiant altar of Vehumet.
  6620 | D:8      | Found a shattered altar of Ashenzari.
  6817 | D:9      | Found a staircase to the Orcish Mines.
  6872 | D:9      | Found a staircase to the Lair.
  6943 | D:9      | Found an ancient bone altar of Kikubaaqudgha.
  7225 | D:9      | Found an iron altar of Okawaru.
  7363 | D:9      | Found an ornate altar of the Wu Jian Council.
  7505 | D:10     | Entered Level 10 of the Dungeon
  7727 | D:10     | Reached *** piety under Makhleb
  8233 | D:10     | Reached XP level 11. HP: 104/104 MP: 10/10
  8804 | D:7      | Bought a warped scimitar for 306 gold pieces
  8805 | D:7      | Identified the +1 scimitar of Wiumiul {slice, rElec rC+}
                  | (You bought it in a shop on level 7 of the Dungeon)
  9269 | D:11     | Noticed a two-headed ogre
  9298 | D:11     | Killed a two-headed ogre
  9432 | D:11     | Noticed a green ugly thing
  9453 | D:11     | Killed a green ugly thing
  9735 | D:11     | Reached skill level 1 in Invocations
  9862 | D:11     | Reached **** piety under Makhleb
 10094 | D:11     | Noticed a red ugly thing
 10101 | D:11     | Killed a red ugly thing
 10171 | D:11     | Reached skill level 5 in Invocations
 10382 | D:12     | Noticed a deep elf mage
 10456 | D:12     | Found Nanes's Antique Weapon Emporium.
 10931 | D:12     | Killed a deep elf mage
 10963 | D:12     | Reached skill level 10 in Shields
 11091 | D:12     | Killed an unseen horror
 11251 | D:13     | Reached skill level 11 in Shields
 11305 | D:13     | Noticed a white ugly thing
 11315 | D:13     | Killed a white ugly thing
 11381 | D:13     | Found a frozen archway.
 11381 | D:13     | Noticed an ice dragon
 11397 | D:13     | Reached XP level 12. HP: 110/112 MP: 15/15
 11412 | D:13     | Reached skill level 12 in Shields
 11429 | D:13     | Killed an ice dragon
 11622 | IceCv    | Entered an ice cave
 11761 | IceCv    | Noticed a death yak
 11769 | IceCv    | Killed a death yak
 11769 | IceCv    | Reached skill level 13 in Shields
 11929 | IceCv    | Reached skill level 14 in Shields
 12402 | IceCv    | Noticed a frost giant
 12425 | IceCv    | Killed a frost giant
 12425 | IceCv    | Reached skill level 15 in Shields
 12765 | D:13     | Noticed a four-headed hydra
 12773 | D:13     | Killed a one-headed hydra
 12775 | D:13     | Reached XP level 13. HP: 109/118 MP: 16/16
 12796 | D:13     | Reached skill level 16 in Shields
 13183 | D:13     | Identified the ring of Fukkuigo {rC+ MP+9 Int+6}
 13345 | D:13     | HP: 5/118 [orc priest/divine providence (12)]
 13347 | D:13     | Killed from afar by an orc priest

Levels and vault maps discovered:
D:1:      minmay_arrival_stair_chambers, layout_loops_ring
D:2:      layout_basic, chequers_ecumenical_altar_simple_redux, uniq_robin
D:3:      layout_loops_ring, old_standard_altar
D:4:      cheibrodos_quashed, layout_rooms, uniq_blork_the_orc, uniq_edmund,
          uniq_menkaure
D:5:      layout_cave_pools, first_ration
D:6:      layout_rooms, old_standard_altar, overflow_temple_1_default,
          serial_shops, nicolae_shop_stone, uniq_eustachio
D:7:      layout_basic, minmay_temple_entry_gardened_gates, serial_shops, shop,
          nicolae_shop_stone, shop, nicolae_shop_stone,
          nicolae_shop_statue_plus, hex_intersection
D:8:      layout_loops_cross, amethyst_overflow_temple_binary, uniq_grum,
          uniq_erica
D:9:      layout_cave_pools, overflow_temple_1_default, okawaru_humans,
          kennysheep_mini_moat, david_orc_2
D:10:     layout_irregular_city
D:11:     layout_long_grid
D:12:     layout_rooms, serial_shops, shop
D:13:     minmay_the_grid_triangle_9x9_rhombus_full
          [minmay_the_grid_triangle_9x9_skeleton,
          minmay_the_grid_triangle_9x9_descending_squares,
          minmay_the_grid_triangle_9x9_alien,
          minmay_the_grid_triangle_9x9_cache,
          minmay_the_grid_triangle_9x9_longest,
          minmay_the_grid_triangle_9x9_intruding_spiral,
          minmay_the_grid_triangle_9x9_corruption,
          minmay_the_grid_triangle_9x9_prize_insulated], layout_irregular_city,
          portal_ice_cave_entry_animals_and_master, grunt_tengu_nest
Temple:   jpeg_temple_clearing

Skill      XL: |  1  2  3  4  5  6  7  8  9 10 11 12 13 |
---------------+----------------------------------------+-----
Fighting       | 4 5 9 10 12 | 12.2
Dodging        | 3 4 5 8 9 |  9.0
Long Blades    | 5 7 8 |  8.9
Axes           | 2 |  2.0
Armour         | 9 11 | 11.0
Shields        | 9 11 15 16 | 16.8
Invocations    | 5 |  5.4

Action                   |  1- 3 |  4- 6 |  7- 9 | 10-12 | 13-15 || total
-------------------------+-------+-------+-------+-------+-------++-------
Melee: Long sword        |    47 |   107 |       |       |       ||   154
       Headbutt          |     9 |    38 |    75 |   196 |    32 ||   350
       Short sword       |       |    76 |       |       |       ||    76
       War axe           |       |       |   394 |   196 |       ||   590
       Unarmed           |       |       |     7 |       |       ||     7
       Scimitar          |       |       |       |   576 |   106 ||   682
Throw: Boomerang         |       |       |     8 |       |       ||     8
Invok: Lesser Servant of |       |       |       |    30 |     2 ||    32
       Minor Destruction |       |       |       |     3 |       ||     3
  Use: Scroll            |     3 |     5 |     7 |    13 |     1 ||    29
       Potion            |     2 |     1 |     5 |     2 |       ||    10
 Stab: Distracted        |       |       |       |     1 |       ||     1
  Eat: Chunk             |       |     7 |    13 |    18 |     2 ||    40
       Ration            |       |       |     1 |     2 |       ||     3
Armor: Scale mail        |    34 |    51 |   116 |    32 |       ||   233
       Skin              |       |       |     1 |       |       ||     1
       Plate armour      |       |       |       |   168 |       ||   168
       Chain mail        |       |       |       |    15 |       ||    15
       Ice dragon scales |       |       |       |    76 |    24 ||   100
Dodge: Dodged            |    11 |    57 |   162 |   226 |    26 ||   482
Block: Shield            |    27 |   121 |   305 |   528 |    71 ||  1052
       Rpst.: Long sword |     3 |    12 |       |       |       ||    15
       Scimitar          |       |       |       |    25 |     3 ||    28

Table legend:
 A = Non-vault XP
 B = Vault XP
 C = Vault XP percentage of total XP
 D = Non-vault monster count
 E = Vault monster count
 F = Vault count percentage of total count
                 A         B        C        D         E       F
            +---------+---------+-------+---------+---------+-------
      Total |   20304 |   23694 |  53.9 |     328 |     112 |  25.5
            +---------+---------+-------+---------+---------+-------
        D:1 |      47 |       0 |   0.0 |      22 |       0 |   0.0
        D:2 |      37 |      37 |  50.0 |      18 |      12 |  40.0
        D:3 |     436 |       0 |   0.0 |      27 |       0 |   0.0
        D:4 |     103 |       0 |   0.0 |       6 |       0 |   0.0
        D:5 |     511 |       0 |   0.0 |      18 |       0 |   0.0
        D:6 |     124 |       0 |   0.0 |       4 |       0 |   0.0
        D:7 |    1643 |       0 |   0.0 |      44 |       0 |   0.0
        D:8 |    1511 |    1336 |  46.9 |      42 |       5 |  10.6
        D:9 |    1328 |     382 |  22.3 |      22 |       7 |  24.1
       D:10 |    2952 |       0 |   0.0 |      38 |       0 |   0.0
       D:11 |    4551 |       0 |   0.0 |      37 |       0 |   0.0
       D:12 |    3932 |       0 |   0.0 |      38 |       0 |   0.0
       D:13 |    3129 |    9101 |  74.4 |      12 |      32 |  72.7
      IceCv |       0 |   12838 | 100.0 |       0 |      56 | 100.0
            +---------+---------+-------+---------+---------+-------
